 Dungeon Crawl Stone Soup version 0.21-a0-2-ge494091 (webtiles) character file.

8178 nikopol the Cleaver (level 11, -16/69 HPs)
             Began as a Gargoyle Berserker on May 21, 2017.
             Was a High Priest of Trog.
             Demolished by a tentacled starspawn (21 damage)
             ... on level 2 of the Abyss.
             The game lasted 00:25:46 (10517 turns).

nikopol the Cleaver (Gargoyle Berserker)           Turns: 10517, Time: 00:25:46

Health: -16/69     AC: 21    Str: 22    XL:     11   Next: 26%
Magic:  11/11      EV: 11    Int:  4    God:    Trog [*****.]
Gold:   311        SH:  0    Dex: 12    Spells: 10/10 levels left

rFire    . . .     SeeInvis .   a - +9 hand axe "Surinnui" {elec, rC+}
rCold    + . .     Gourm    .   (no shield)
rNeg     + + .     Faith    .   l - +0 chain mail
rPois    ∞         Spirit   .   j - +0 helmet
rElec    +         Reflect  .   s - +0 cloak
rCorr    .         Harm     .   (no gloves)
MR       .....                  (no boots)
Stlth    ..........             (no amulet)
Regen    0.3/turn               w - -3 ring of intelligence (curse)
MPRegen  0.2/turn               K - ring of positive energy

@: no status effects
A: negative energy resistance 1, electricity resistance, unbreathing,
petrification resistance, rot immunity, AC +7
a: Berserk, Trog's Hand, Brothers in Arms, Burn Spellbooks, Renounce Religion


You were on level 2 of the Abyss.
You worshipped Trog.
Trog was extremely pleased with you.
You were not hungry.

You visited 2 branches of the dungeon, and saw 10 of its levels.
You visited the Abyss 1 time.
You also visited: Labyrinth.

You collected 607 gold pieces.
You spent 296 gold pieces at shops.

Inventory:

Hand Weapons
 a - the +9 hand axe "Surinnui" (weapon) {elec, rC+}
   (You bought it in a shop on level 9 of the Dungeon)

   Occasionally, upon striking a foe, it will discharge some electrical energy
   and cause terrible harm.
   It protects you from cold.
 z - a +0 shortbow
Missiles
 i - 229 arrows (quivered)
Armour
 b - a +0 animal skin
 j - a +0 helmet (worn)
 l - a +0 chain mail (worn)
 s - a +0 cloak (worn)
 W - the +0 ring mail "Wienn" {rN+ Regen+ Dex-3 SInv, unknown}
   (You found it in a labyrinth)

   It affects your dexterity (-3).
   It protects you from negative energy.
   It lets you see invisible.
   It increases your rate of regeneration.
Jewellery
 w - a cursed -3 ring of intelligence (left hand)
 K - a ring of positive energy (right hand)
Wands
 y - a wand of flame (23/48)
 D - a wand of random effects (38/48)
 G - a wand of confusion (22/48)
 N - a wand of flame (17/48)
 P - a wand of paralysis (15/24)
 Q - a wand of flame (26/48)
 R - a wand of polymorph (14/24)
Scrolls
 d - a scroll of magic mapping
 e - 13 scrolls of identify
 f - 3 scrolls of blinking {unknown}
 o - 3 scrolls of random uselessness {unknown}
 r - a scroll of recharging {unknown}
 t - 5 scrolls of remove curse {unknown}
 u - 3 scrolls of teleportation {unknown}
 x - a scroll of noise {unknown}
 F - a scroll of fear {unknown}
 H - 2 scrolls of immolation {unknown}
 I - 2 scrolls of enchant weapon {unknown}
Potions
 g - a potion of cancellation {unknown}
 h - 4 potions of agility
 k - 5 potions of curing {unknown}
 n - 2 potions of invisibility {unknown}
 p - 2 potions of mutation {unknown}
 v - 2 potions of degeneration {unknown}
 B - 3 potions of resistance {unknown}
 C - 2 potions of brilliance {unknown}
 E - a potion of heal wounds {unknown}
 L - a potion of lignification {unknown}
Books
 A - a Fen Folio

   Spells                             Type                      Level
   a - Corpse Rot                     Necromancy                   2
   b - Stone Arrow                    Conjuration/Earth            3
   c - Leda's Liquefaction            Hexes/Earth                  4
   d - Summon Forest                  Summoning/Translocation      5
   e - Hydra Form                     Transmutation                6
   f - Summon Hydra                   Summoning                    7
   Trog disapproves of the use of such an item.
 S - a book of Necromancy

   Spells                             Type                      Level
   a - Pain                           Necromancy                   1
   b - Animate Skeleton               Necromancy                   1
   c - Vampiric Draining              Necromancy                   3
   d - Regeneration                   Charms/Necromancy            3
   e - Animate Dead                   Necromancy                   4
   f - Control Undead                 Necromancy                   4
   Trog disapproves of the use of such an item.
 T - the Collected Works on the Creative Frostbite
   (You found it in a labyrinth)

   Spells                             Type                      Level
   a - Summon Butterflies             Summoning                    1
   b - Summon Small Mammal            Summoning                    1
   c - Ozocubu's Armour               Charms/Ice                   3
   d - Summon Ice Beast               Ice/Summoning                4
   e - Metabolic Englaciation         Hexes/Ice                    5
   f - Simulacrum                     Ice/Necromancy               6
   Trog disapproves of the use of such an item.
Comestibles
 c - 5 bread rations
 m - 8 fruits
 q - 4 meat rations
 M - 3 royal jellies


   Skills:
 + Level 8.6 Fighting
 * Level 9.0 Axes
 * Level 7.4 Bows
 + Level 8.1 Armour
 + Level 6.1 Dodging


You had 10 spell levels left.
You didn't know any spells.

Dungeon Overview and Level Annotations

Branches:
Dungeon (9/15)             Temple (0/1) D:4            Lair (1/6) D:9
    Orc: D:9-12

Altars:
Ashenzari
Cheibriados
Elyvilon
Gozag
Hepliaklqana
Kikubaaqudgha
Makhleb
Nemelex Xobeh
Okawaru
Sif Muna
Trog
Xom

Shops:
D:7 :*   D:9 (


Innate Abilities, Weirdness & Mutations

You are resistant to torment.
Your stone body is resilient. (AC +7)
You are immune to poison.
You resist negative energy. (rN+)
You are resistant to electric shocks. (rElec)
You can survive without breathing.
You are immune to petrification.
You are immune to rotting.


Message History

The starspawn tentacle loses its grip on you.
The tentacle pulls you backwards!
The starspawn tentacle barely misses you.
You slash the starspawn tentacle!
You destroy the starspawn tentacle!
A tentacle flies out from the starspawn's body!
A starspawn tentacle comes into view.
You hit the tentacled starspawn but do no damage.
Lightning courses through the tentacled starspawn!
The tentacled starspawn is moderately damaged.
You hit the tentacled starspawn but do no damage.
The tentacled starspawn is moderately damaged.
The tentacled starspawn bites you!
* * * LOW HITPOINT WARNING * * *
The tentacled starspawn engulfs you but does no damage.
You hit the tentacled starspawn but do no damage.
Lightning courses through the tentacled starspawn!
The tentacled starspawn is heavily damaged.
The tentacled starspawn bites you!!
You die...

###
##.######
#.......#
#.#####.###
#.#. .# #
#(# # . ##
# #@##.
...## #X#
.# ## ####
. #w## .
.... ..
#.## #.
######.#
#(# .## . .
# #(# #.#.
...# #.# #
.. . #.#
#.# # # . .
..∩ #.# ##


You could see a tentacled starspawn and a starspawn tentacle.

Vanquished Creatures
  A minotaur (Lab)
  Erica (D:7)
  The ghost of inmateoo the Insei, a novice OpTm (D:8)
  Pikel (D:9)
  A smoke demon (Abyss:2)
  Psyche (D:8)
  A troll (D:9)
  A wyvern (D:9)
  3 yaks (D:9)
  Menkaure (D:4)
  A water moccasin (Lair:1)
  2 ice beasts (D:5)
  3 slaves (D:9)
  3 phantoms
  An eye of draining (D:9)
  6 ogres
  A necrophage (D:9)
  6 centaurs
  3 wolves (D:9)
  Blork the orc (D:6)
  A big kobold (D:8)
  9 bullfrogs
  2 scorpions
  6 killer bees (D:9)
  A howler monkey (D:9)
  2 electric eels (D:9)
  8 crimson imps
  A bullfrog zombie (D:8)
  2 jellies
  7 hounds
  Crazy Yiuf (D:5)
  A gnoll shaman (D:4)
  An orc priest (D:4)
  4 orc wizards (D:9)
  A bullfrog skeleton (D:9)
  2 centaur skeletons
  5 worker ants
  A killer bee zombie (D:9)
  2 hound skeletons
  8 adders
  4 gnolls
  A shadow imp (D:5)
  2 oozes
  3 adder skeletons
  4 worms
  3 dart slugs
  6 leopard geckos
  15 orcs
  2 ball pythons (D:1)
  2 giant cockroaches
  7 goblins
  5 hobgoblins
  12 jackals
  17 kobolds
  4 quokkas
  2 bats
  5 frilled lizards
  A leopard gecko skeleton (D:5)
  13 rats
  A starspawn tentacle (Abyss:2)
213 creatures vanquished.

Vanquished Creatures (others)
  A starspawn tentacle (Abyss:2)
1 creature vanquished.

Grand Total: 214 creatures vanquished

Notes
Turn   | Place    | Note
-------+----------+-------------------------------------------
     0 | D:1      | nikopol the Gargoyle Berserker began the quest for the Orb.
     0 | D:1      | Reached XP level 1. HP: 14/14 MP: 1/1
   225 | D:1      | Reached XP level 2. HP: 17/19 MP: 2/2
   664 | D:1      | Reached skill level 3 in Axes
   722 | D:1      | Reached XP level 3. HP: 24/24 MP: 3/3
  1409 | D:2      | Reached ** piety under Trog
  1424 | D:2      | Found a shimmering altar of Xom.
  1480 | D:2      | Reached XP level 4. HP: 29/29 MP: 4/4
  1525 | D:2      | Found an iron altar of Okawaru.
  1780 | D:3      | Found an opulent altar of Gozag.
  2057 | D:3      | Noticed a bullfrog
  2068 | D:3      | Killed a bullfrog
  2068 | D:3      | Reached XP level 5. HP: 24/34 MP: 5/5
  2748 | D:4      | Reached XP level 6. HP: 37/39 MP: 6/6
  3012 | D:4      | Found a staircase to the Ecumenical Temple.
  3328 | D:4      | Noticed Menkaure
  3335 | D:4      | Killed Menkaure
  3335 | D:4      | Reached skill level 5 in Fighting
  3335 | D:4      | Reached skill level 4 in Axes
  3335 | D:4      | Reached XP level 7. HP: 28/44 MP: 7/7
  3572 | D:4      | Noticed a moth of wrath
  3575 | D:4      | Found a bloodstained altar of Trog.
  3632 | D:4      | Reached *** piety under Trog
  3873 | D:5      | Entered Level 5 of the Dungeon
  3939 | D:5      | Found a snail-covered altar of Cheibriados.
  4003 | D:5      | Found a sparkling altar of Nemelex Xobeh.
  4212 | D:5      | Reached skill level 5 in Armour
  4418 | D:5      | Found an ancient bone altar of Kikubaaqudgha.
  4525 | D:5      | Found a runed door.
  4529 | D:5      | Noticed Crazy Yiuf
  4537 | D:5      | Killed Crazy Yiuf
  4537 | D:5      | Reached XP level 8. HP: 34/51 MP: 8/8
  4666 | D:5      | Reached skill level 5 in Axes
  5366 | D:6      | Noticed Blork the orc
  5385 | D:6      | Killed Blork the orc
  5564 | D:6      | Reached skill level 1 in Bows
  5823 | D:6      | Found a white marble altar of Elyvilon.
  5891 | D:6      | Found a hazy altar of Hepliaklqana.
  6135 | D:6      | Found a burning altar of Makhleb.
  6203 | D:6      | Found a deep blue altar of Sif Muna.
  6413 | D:7      | Reached skill level 6 in Axes
  6413 | D:7      | Reached XP level 9. HP: 56/56 MP: 9/9
  6448 | D:7      | Found Mamneure's Book Shoppe.
  6849 | D:7      | Found Suwkeah's Assorted Antiques.
  6920 | D:7      | Reached **** piety under Trog
  7543 | D:8      | Noticed inmateoo's ghost (novice OpTm)
  7557 | D:8      | Killed inmateoo's ghost
  7557 | D:8      | Reached skill level 7 in Axes
  7557 | D:8      | Reached skill level 5 in Dodging
  7582 | D:8      | Noticed Erica
  7665 | D:7      | Killed Erica
  7665 | D:7      | Reached XP level 10. HP: 25/64 MP: 10/10
  7857 | D:8      | Reached skill level 5 in Bows
  7964 | D:8      | Noticed Psyche
  7978 | D:8      | Killed Psyche
  8024 | D:8      | Received a gift from Trog
  8552 | D:9      | Reached skill level 8 in Axes
  9187 | D:9      | Found a staircase to the Lair.
  9290 | D:9      | Found a shattered altar of Ashenzari.
  9340 | D:9      | Reached ***** piety under Trog
  9498 | D:9      | Found Qaufruc's Antique Weapon Shop.
  9501 | D:9      | Bought a warped hand axe for 296 gold pieces
  9510 | D:9      | Identified the +9 hand axe "Surinnui" {elec, rC+} (You bought it in a shop on level 9 of the Dungeon)
  9689 | D:9      | Reached XP level 11. HP: 64/68 MP: 11/11
  9691 | D:9      | Noticed Pikel
  9701 | D:9      | Killed Pikel
  9855 | Lair:1   | Entered Level 1 of the Lair of Beasts
  9872 | Lair:1   | Found a labyrinth entrance.
  9886 | Lab      | Entered a labyrinth
 10348 | Lab      | Noticed a minotaur
 10361 | Lab      | Killed a minotaur
 10361 | Lab      | Received a gift from Trog
 10398 | Lab      | Identified the Collected Works on the Creative Frostbite
 10406 | Lab      | Got a bronze ring mail
 10427 | Lair:1   | Cast into level 2 of the Abyss (a distortion unwield)
 10507 | Abyss:2  | Reached skill level 9 in Axes
 10508 | Abyss:2  | Noticed a tentacled starspawn
 10517 | Abyss:2  | Demolished by a tentacled starspawn

Vault maps used:
D:1:      lightli_arrival_maybe_door_vault, minmay_crystal_water
D:2:      lemuel_round_altar, tgw_xom
D:3:      grunt_gozag_statues, serial_glass, glass_columns_a, glass_columns_a,
          glass_columns_b, first_bread, roderic_bipointed_swastika
D:4:      minmay_temple_entry_fiery, tgw_trog, uniq_menkaure
D:5:      kennysheep_mini_moat, old_standard_altar,
          nemelex_xobeh_ov_fountains_minmay, uniq_crazy_yiuf_cottage
D:6:      lemuel_blue_sif_altar, lemuel_doored_altar, elyvilon_altar_4,
          makhleb_heckhound_becter, hex_tiny, uniq_blork_the_orc
D:7:      serial_shops, shop, nicolae_shop_crystal
D:8:      uniq_psyche, uniq_erica
D:9:      ashenzari_altar_1, erik_lair_island, serial_shops,
          nicolae_shop_behind_doors, uniq_pikel
Lair:1:   lab_entry_generic, grunt_megastairs_5, uniq_fannar
Lab:      labyrinth_mini_lab

Skill      XL: |  1  2  3  4  5  6  7  8  9 10 11 |
---------------+----------------------------------+-----
Axes           | 3 4 6 7 8 9 |  9.0
Dodging        | 2 3 4 5 6 |  6.1
Fighting       | 4 5 6 7 8 |  8.6
Armour         | 3 4 5 7 8 |  8.1
Bows           | 1 4 6 7 |  7.4

Action                   |  1- 3 |  4- 6 |  7- 9 | 10-12 || total
-------------------------+-------+-------+-------+-------++-------
Melee: Hand axe          |   128 |   138 |       |    60 ||   326
       War axe           |       |    28 |   347 |   217 ||   592
 Fire: Shortbow          |       |       |   118 |    94 ||   212
Invok: Berserk           |       |     1 |     3 |     3 ||     7
       Burn Spellbooks   |       |       |     1 |       ||     1
       Trog's Hand       |       |       |     1 |       ||     1
  Use: Scroll            |       |       |       |     2 ||     2
  Eat: Chunk             |     1 |     7 |    14 |    12 ||    34
       Royal jelly       |       |       |     2 |       ||     2
       Fruit             |       |       |       |     1 ||     1
Armor: Animal skin       |    22 |       |       |       ||    22
       Chain mail        |    46 |   120 |   242 |   212 ||   620
Dodge: Dodged            |    72 |    98 |   192 |   194 ||   556
